 Dungeon Crawl Stone Soup version 0.19.4 (webtiles) character file.

394 galech the Skirmisher (level 6, -6/66 HPs)
             Began as an Ogre Fighter on Jan 31, 2017.
             Killed from afar by a bog mummy (12 damage)
             ... with a puff of frost
             ... in an ossuary.
             The game lasted 00:12:00 (4866 turns).

galech the Skirmisher (Ogre Fighter)                Turns: 4866, Time: 00:12:01

Health: -6/66      AC:  4    Str: 24    XL:     6   Next: 81%
Magic:  6/6        EV:  9    Int: 12    God:
Gold:   157        SH:  9    Dex:  9    Spells: 0 memorised, 5 levels left

rFire  . . .     SeeInvis .     a - +0 flail
rCold  . . .     Gourm    .     b - +0 robe
rNeg   . . .     Faith    .     c - +0 shield
rPois  .         Spirit   .     (helmet restricted)
rElec  .         Reflect  .     n - +0 cloak
rCorr  .         Harm     .     (gloves unavailable)
MR     .....                    (boots unavailable)
Stlth  +.........               (no amulet)
                                (no ring)
                                (no ring)

@: brilliant, drained
A: unfitting armour, tough skin 1
a: no special abilities


You were in an ossuary.
You were not hungry.

You visited 1 branch of the dungeon, and saw 4 of its levels.
You also visited: Ossuary.

You collected 157 gold pieces.

Inventory:

Hand Weapons
 a - a +0 flail (weapon)
Armour
 b - a +0 robe (worn)
 c - a +0 shield (worn)
 n - a +0 cloak (worn)
Scrolls
 e - 2 scrolls of amnesia {unknown}
 i - a scroll of fog {unknown}
 j - 2 scrolls of enchant armour {unknown}
 m - 4 scrolls of remove curse
 p - a scroll of random uselessness {unknown}
 r - a scroll of recharging {unknown}
 v - 2 scrolls of identify {unknown}
 x - a scroll of noise {unknown}
 y - 3 scrolls of teleportation {unknown}
Potions
 d - a potion of might
 h - a potion of degeneration {unknown}
 l - 2 potions of mutation {unknown}
 s - a potion of agility {unknown}
 w - a potion of flight {unknown}
 z - a potion of cancellation {unknown}
Comestibles
 f - 2 bread rations
 g - a slice of pizza
 k - 6 chunks of flesh
 o - 4 fruits
 q - a beef jerky


   Skills:
 + Level 5.6(5.5) Fighting
 + Level 5.3(5.1) Maces & Flails
 + Level 3.9(3.8) Dodging
 + Level 0.5(0.4) Stealth
 + Level 4.1(4.0) Shields


You had 5 spell levels left.
You didn't know any spells.

Dungeon Overview and Level Annotations

Branches:
Dungeon (4/15)
 Temple: D:4-7

Altars:
Fedhas

Shops:
D:4 %


Innate Abilities, Weirdness & Mutations

You are too large for most types of armour.
You have tough skin. (AC +1)


Message History

You closely miss the mummy.
The mummy is severely damaged.
The mummy splashes around in the water.
You hit the mummy.
The mummy is severely damaged.
Your shield prevents you from hitting the mummy.
The mummy is severely damaged.
You sock the mummy!
You destroy the mummy!
The bog mummy barely misses you.
You sock the bog mummy!
The bog mummy is heavily damaged.
You hit the bog mummy but do no damage.
The bog mummy is heavily damaged.
The bog mummy splashes around in the water.
You barely miss the bog mummy.
The bog mummy is heavily damaged.
The bog mummy points at you and mumbles some strange words.
The puff of frost hits you!
You die...

#≈≈ # #### #≈≈ #
≈## ≈≈≈##≈# ≈###
≈≈≈≈###≈≈#≈###≈≈#
#≈#P≈P .≈P#P≈P#
###≈≈≈.#'#≈#M#≈#+#
#≈.M≈≈≈MM.MMM≈≈≈.+
#≈≈≈##M##+##'##.#
# #!@?# #...#.'.
#?.!# #.M.#.###
#!??# #∩..#M'
##### #####.# ..'
#.#


You could see a mummy and 2 bog mummies.

Vanquished Creatures
  An orc priest (D:3)
  Crazy Yiuf (D:2)
  3 orc wizards (D:3)
  A worker ant (D:4)
  A mummy (Ossuary)
  7 adders
  8 worms
  A dart slug (D:2)
  2 leopard geckos
  17 orcs
  13 bats
  4 giant cockroaches
  5 goblins
  14 hobgoblins
  5 jackals
  9 kobolds
  7 quokkas
  2 ball pythons
  6 frilled lizards
  17 rats
  A bush (D:2)
125 creatures vanquished.

Notes
Turn   | Place    | Note
-------+----------+-------------------------------------------
     0 | D:1      | galech the Ogre Fighter began the quest for the Orb.
     0 | D:1      | Reached XP level 1. HP: 24/24 MP: 1/1
   155 | D:1      | Reached XP level 2. HP: 23/32 MP: 2/2
   722 | D:1      | Reached XP level 3. HP: 40/40 MP: 3/3
  1578 | D:2      | Reached XP level 4. HP: 39/49 MP: 4/4
  2129 | D:2      | Reached XP level 5. HP: 11/55 MP: 5/5
  2131 | D:2      | Reached skill level 5 in Fighting
  2618 | D:2      | Found a runed door.
  2622 | D:2      | Noticed Crazy Yiuf
  2630 | D:2      | Killed Crazy Yiuf
  2867 | D:3      | Found a blossoming altar of Fedhas.
  3595 | D:3      | Reached XP level 6. HP: 66/66 MP: 6/6
  4633 | D:4      | Found Citeikh's Food Shoppe.
  4713 | D:4      | Reached skill level 5 in Maces & Flails
  4824 | D:4      | Found a sand-covered staircase.
  4829 | Ossuary  | Entered an ossuary
  4846 | Ossuary  | HP: 1/66 [mummy (15)]
  4866 | Ossuary  | Killed from afar by a bog mummy

Skill      XL: |  1  2  3  4  5  6 |
---------------+-------------------+-----
Shields        | 3 4 |  4.1
Maces & Flails | 3 4 5 |  5.3
Dodging        | 3 |  3.9
Fighting       | 5 |  5.6
Stealth        | |  0.5

Action                   |  1- 3 |  4- 6 || total
-------------------------+-------+-------++-------
Melee: Flail             |   179 |   417 ||   596
  Use: Potion            |     2 |     3 ||     5
       Scroll            |       |     1 ||     1
 Stab: Sleeping          |     1 |     1 ||     2
  Eat: Chunk             |     3 |    11 ||    14
Armor: Robe              |    96 |    69 ||   165
Dodge: Dodged            |   127 |   134 ||   261
Block: Shield            |   145 |   157 ||   302
